cohdb
Replays
Latest Replays
All Replays
Popular Replays
Top Player Replays
Match Explorer
How It Works
Community
CoH3 Stats
Reddit
Sign in to upload your games and track your stats! →
Sign in with Steam
Match 44531561
Unlisted
Match 44531561
Overview
Messages
Build Orders
End
Panzergrenadier Squad
Selects Italian Infantry
Panzergrenadier Squad
Construct Light Support Kompanie
MG34 Team
Fire Support Elements
Selects Guastatori Squad
Guastatori Squad
Pak 38 Mechanized Group
Flakvierling Half-track
Selects Registered Artillery
Guastatori Squad
Registered Artillery
Selects Towed Cannone da 105/28 Field Howitzer
Construct Panzerarmee Kommand
Registered Artillery
Guastatori Squad
Flak 36 Anti-tank Gun Team
Selects Defensive Operations
Selects Prepared Positions
Armored Reserves
Registered Artillery
Tiger Heavy Tank
Veteran Squad Leaders
Registered Artillery
Selects Obice 305mm Barrage
Registered Artillery
Walking Stuka Rocket Launcher
Obice 305mm Barrage
Panzer IV Assault Group
Obice 305mm Barrage
David Attenborough
こましょちょう
Meat Rockets Blasting Off Again!
Neverland
fnvkdxod
DibbeTC
猩红东风
Reiss.^
0
0
Comments
sign in to comment!
No comments posted yet!